cohdb
Replays
Latest Replays
All Replays
Popular Replays
Top Player Replays
Match Explorer
How It Works
Community
CoH3 Stats
Reddit
Sign in to upload your games and track your stats! →
Sign in with Steam
Match 42688793
Unlisted
Match 42688793
Overview
Messages
Build Orders
End
Scout Squad
Selects Airborne Battlegroup
Selects Heavy Machine Gun Paradrop
Heavy Machine Gun Paradrop
Engineer Squad
Heavy Machine Gun Paradrop
Selects Paratrooper Squad Paradrop
Paratrooper Squad Paradrop
Construct Weapon Support Center
Air Support Center
Selects Smoke Bombing Run
M3 Armored Personnel Carrier
M3 Armored Personnel Carrier
M3 Armored Personnel Carrier
Grasshopper Recon Run
M3 Armored Personnel Carrier
wila
LittleFatty233
Obsidian sand
你来反105
BileDiver吐酸披风虫
Getmeout
Kanna Scarlet
L1mbo
0
0
Comments
sign in to comment!
No comments posted yet!